Workbook

Sheet Reporting (7)
A1: Critères de la recherche
A3: Société : | B3: ITME
A4: Structure : | B4: 104 - AGROMOUSQUETAIRES
A5: Codes structures dépendants : | B5: Oui
A6: Collaborateurs : | B6: Tous
A7: Statut : | B7: C1 - NF comptabilisée - en cours de paiement
A8: Frais remboursés : | B8: Du 16/02/2017 au 28/02/2017
A9: Devise : | B9: Euro
A12: Résultats de la recherche
A13: Collaborateur | B13: Note de Frais | C13: Compte comptable | D13: Date de création du Lot | E13: Code TVA | F13: Nombre de NF | G13: Nombre de postes | H13: Montant HT | I13: Montant TVA | J13: Total TTC | K13: Montant à rembourser | L13: Montant payé par carte
A14: Total (57 Enregistrements)
A15: FRANCK | B15: R053243 | C15: 618100 - DOCUMENTATION GENERALE | D15: 42793 | E15: R3 - 2.1 | F15: 1 | G15: 1 | H15: 19.59 | I15: 0.41 | J15: 20 | K15: 20.00
A16: FRANCK | B16: R053243 | C16: 623200 - ECHANTILLONS | D16: 42793 | E16: R0 - Nulle | F16: 1 | G16: 1 | H16: 20.45 | J16: 20.45 | K16: 20.45
A17: FRANCK | B17: R053243 | C17: 625140 - VOYAGES ET DEPLACEMENTS | D17: 42793 | E17: R0 - Nulle | F17: 1 | G17: 4 | H17: 68.1 | J17: 68.1 | K17: 68.10
A18: FRANCK | B18: R053243 | C18: 625140 - VOYAGES ET DEPLACEMENTS | D18: 42793 | E18: R20 - 20 | F18: 1 | G18: 1 | H18: 3.75 | I18: 0.75 | J18: 4.5 | K18: 4.50
A19: VALERIE | B19: LMEJ401 | C19: 625140 - VOYAGES ET DEPLACEMENTS | D19: 42793 | E19: R0 - Nulle | F19: 1 | G19: 1 | H19: 47.53 | J19: 47.53 | K19: 47.53

Sheet CC
A1: 42762
A3: Liste des centres de coûts (CC) associés au collaborateurs.
A6: Code société | B6: Libellé société | C6: Nom | D6: Prénom | E6: Code CC à taper dans SAP | F6: Désignation | K6: code tva
A7: 0104 | B7: AGRI | D7: FRANCK | E7: 0104A5Q000 | F7: QSE | J7: R3 - 2.1 | K7: V2
A8: 0104 | B8: AGRI | D8: SONNIA | E8: 0104A1C300 | F8: Contrôle de gestion filères | J8: R0 - Nulle | K8: V0
A9: 0104 | B9: AGRI | D9: SONNIA | E9: 0104A1C200 | F9: Contrôle de gestion métier | J9: R20 - 20 | K9: V6
A10: 0104 | B10: AGRI | D10: NICOLAS | E10: 0104A1C100 | F10: Contrôle de gestion siège | J10: R10 - 10 | K10: V4
A11: 0104 | B11: AGRI | D11: CHRISTOPHE | E11: 0104A1A000 | F11: Direction Générale
A12: 0104 | B12: AGRI | D12: VALERIE | E12: 0104A1A100 | F12: Communication

Sheet résultat
A1: N° d'écriture | B1: Ecriture à extourner ? | C1: Motif de l'extourne | D1: Date d'extourne | E1: Société | F1: Type de pièce | G1: Devise | H1: Date comptable | I1: Date de pièce | J1: Libellé d'écriture | K1: Référence | L1: Type de compte | M1: Numéro du compte fournisseur/client/compte | N1: Code CGS | O1: Investissement ? | P1: Montant | Q1: Sens | R1: Code TVA | S1: Montant de base TVA | T1: Libellé du poste | U1: Affectation | V1: Centre de coûts
A2: 1 | E2: 104 | F2: SA | G2: EUR | H2: ='Reporting (7)'!D15 -> 42793 | I2: ='Reporting (7)'!D15 -> 42793 | K2: R053243 | L2: S | M2: =LEFT('Reporting (7)'!C15,6) -> 618100 | P2: 19.59 | Q2: D | R2: V2 | T2: NDF FRANCK | V2: 0104A5Q000
A3: 1 | E3: 104 | F3: SA | G3: EUR | H3: 42793 | I3: 42793 | K3: R053243 | L3: S | M3: 445660 | P3: =+'Reporting (7)'!I15 -> 0.41 | Q3: D | R3: =+R2 -> V2 | S3: =+P2 -> 19.59 | T3: NDF FRANCK
A4: 1 | E4: 104 | F4: SA | G4: EUR | H4: 42793 | I4: 42793 | K4: R053243 | L4: S | M4: =LEFT('Reporting (7)'!C16,6) -> 623200 | P4: =+'Reporting (7)'!H16 -> 20.45 | Q4: D | R4: =+VLOOKUP('Reporting (7)'!E16,CC!$J$7:$K$10,2) -> V0 | T4: NDF FRANCK | V4: 0104A5Q000
A5: 1 | E5: 104 | F5: SA | G5: EUR | H5: 42793 | I5: 42793 | K5: R053243 | L5: S | M5: 445660 | P5: =+'Reporting (7)'!I17 -> 0 | Q5: D | R5: =+R4 -> V0 | T5: NDF FRANCK
A6: 1 | E6: 104 | F6: SA | G6: EUR | H6: 42793 | I6: 42793 | K6: R053243 | L6: S | M6: =LEFT('Reporting (7)'!C17,6) -> 625140 | P6: =+'Reporting (7)'!H17 -> 68.1 | Q6: D | R6: =+VLOOKUP('Reporting (7)'!E17,CC!$J$7:$K$10,2) -> V0 | T6: NDF FRANCK | V6: 0104A5Q000
A7: 1 | E7: 104 | F7: SA | G7: EUR | H7: 42793 | I7: 42793 | K7: R053243 | L7: S | M7: 445660 | P7: =+'Reporting (7)'!I19 -> 0 | Q7: D | R7: =+R6 -> V0 | T7: NDF FRANCK
A8: 1 | E8: 104 | F8: SA | G8: EUR | H8: 42793 | I8: 42793 | K8: R053243 | L8: S | M8: =LEFT('Reporting (7)'!C18,6) -> 625140 | P8: =+'Reporting (7)'!H18 -> 3.75 | Q8: D | R8: =+VLOOKUP('Reporting (7)'!E18,CC!$J$7:$K$10,2) -> V6 | T8: NDF FRANCK | V8: 0104A5Q000
A9: 1 | E9: 104 | F9: SA | G9: EUR | H9: 42793 | I9: 42793 | K9: R053243 | L9: S | M9: 445660 | P9: =+'Reporting (7)'!I18 -> 0.75 | Q9: D | R9: =+R8 -> V6 | S9: =+P8 -> 3.75 | T9: NDF FRANCK
A10: 1 | E10: 104 | F10: SA | G10: EUR | H10: 42793 | I10: 42793 | K10: R053243 | L10: S | M10: 428600 | P10: =SUM(P2:P9) -> 113.05 | Q10: C | T10: NDF FRANCK
A11: 2 | E11: 104 | F11: SA | G11: EUR | H11: 42793 | I11: 42793 | K11: =+'Reporting (7)'!B19 -> LMEJ401 | L11: S | M11: 625140 | P11: =+'Reporting (7)'!H19 -> 47.53 | Q11: D | R11: =+VLOOKUP('Reporting (7)'!E19,CC!$J$7:$K$10,2) -> V0 | T11: NDF VALERIE | V11: 0104A1A100
A12: 2 | E12: 104 | F12: SA | G12: EUR | H12: 42793 | I12: 42793 | K12: LMEJ401 | L12: S | M12: 445660 | P12: =+'Reporting (7)'!I21 -> 0 | Q12: D | R12: =+R11 -> V0 | T12: NDF VALERIE
A13: 2 | E13: 104 | F13: SA | G13: EUR | H13: 42793 | I13: 42793 | K13: LMEJ401 | L13: S | M13: 428600 | P13: =SUM(P11:P12) -> 47.53 | Q13: C | T13: NDF VALERIE
